 Dungeon Crawl Stone Soup version 0.28-a0-724-g66f9036eb4 (webtiles) character file.

Game seed: 9000063066197940126

140 Grim the Vexing (level 5, 0/40 HPs)
             Began as a Gnoll Arcane Marksman on Oct 26, 2021.
             Slain by Purgy (5 damage)
             ... in a sewer.
             The game lasted 00:05:01 (2897 turns).

Grim the Vexing (Gnoll Arcane Marksman)             Turns: 2897, Time: 00:05:01

Health: 0/40       AC:  3    Str: 10    XL:     5   Next: 22%
Magic:  2/9        EV: 13    Int: 12    God:
Gold:   84         SH:  0    Dex: 13    Spells: 8/10 levels left

rFire   . . .      SeeInvis .   a - +0 shortbow
rCold   . . .      Faith    .   (shield currently unavailable)
rNeg    . . .      Spirit   .   d - +0 robe
rPois   .          Reflect  .   l - +0 helmet
rElec   .          Harm     .   (no cloak)
rCorr   .          Rampage  .   (no gloves)
Will    .....                   (no boots)
Stlth   ++........              (no amulet)
HPRegen 0.13/turn               (no ring)
MPRegen 0.11/turn               (no ring)

@: flying (expiring)
A: fangs 1, strong nose, distributed training
a: no special abilities


You were in a sewer.
You visited 1 branch of the dungeon, and saw 3 of its levels.
You also visited: Sewer.

You collected 84 gold pieces.

Inventory:

Hand Weapons
 a - a +0 shortbow (weapon)
Armour
 d - a +0 robe (worn)
 l - a +0 helmet (worn)
Jewellery
 j - a ring of ice
 k - a ring of flight
Scrolls
 b - a scroll of enchant armour {unknown}
 f - a scroll of enchant weapon {unknown}
 g - a scroll of identify {unknown}
Potions
 h - a potion of lignification {unknown}
 i - a potion of magic {unknown}
 m - a potion of heal wounds {unknown}


   Skills:
 + Level 2.9 Fighting
 + Level 1.4 Short Blades
 + Level 1.4 Long Blades
 + Level 1.4 Axes
 + Level 1.4 Maces & Flails
 + Level 1.4 Polearms
 + Level 1.4 Staves
 + Level 1.4 Slings
 + Level 4.7 Bows
 + Level 1.4 Crossbows
 + Level 1.4 Throwing
 + Level 1.4 Armour
 + Level 4.7 Dodging
 + Level 1.4 Stealth
 + Level 1.4 Shields
 + Level 1.4 Unarmed Combat
 + Level 3.1 Spellcasting
 + Level 1.1 Conjurations
 + Level 5.5 Hexes
 + Level 1.1 Summonings
 + Level 1.1 Necromancy
 + Level 1.1 Translocations
 + Level 1.1 Transmutations
 + Level 1.1 Fire Magic
 + Level 1.1 Ice Magic
 + Level 1.1 Air Magic
 + Level 1.1 Earth Magic
 + Level 1.1 Poison Magic
 + Level 1.5 Invocations
 + Level 1.4 Evocations


You had 8 spell levels left.
You knew the following spells:

 Your Spells              Type           Power      Damage    Failure   Level
a - Slow                  Hex            15%        N/A       3%          2

Your spell library contained the following spells:

 Spells                   Type           Power      Damage    Failure   Level
 Inner Flame              Hex/Fire       9%         N/A       19%         3
 Portal Projectile        Hex/Tloc       18%        N/A       19%         3
 Cause Fear               Hex            7%         N/A       26%         4


Dungeon Overview and Level Annotations

Branches:
Dungeon (3/15)              Sewer (1/1)

Altars:

Annotations:
Sewer Purgy


Innate Abilities, Weirdness & Mutations

You have very sharp teeth.
Your uncanny sense of smell can sniff out nearby items.
Your experience applies equally to all skills.


Message History

Purgy is moderately wounded.
You hear a splash.
Fire: 2 arrows
Press: ? - help, Q - select action, (/) - cycle Shift-Dir - straight line, f/p - Purgy
Aim: Purgy (moderately wounded, 53% to hit)
You shoot an arrow. The arrow hits Purgy.
Purgy is moderately wounded.
You hear a splash.
Your magical contamination has completely faded away.
Fire: arrow
Press: ? - help, Q - select action, (/) - cycle Shift-Dir - straight line, f/p - Purgy
Aim: Purgy (moderately wounded, 53% to hit)
You shoot an arrow. The arrow closely misses Purgy.
Unknown command.
Unknown command.
You see here an arrow.
c - an arrow Fire: arrow
Press: ? - help, Q - select action, (/) - cycle Shift-Dir - straight line, f/p - Purgy
Aim: Purgy (53% to hit)
You shoot an arrow. The arrow barely misses Purgy.
Unknown command.
Purgy pleads, "Don't hit me!"
Purgy bites you.
* * * LOW HITPOINT WARNING * * *
Purgy claws you but does no damage. Purgy misses you.
Really attack while wielding your +0 shortbow? [Y]es or [N]o only, please.
Really attack while wielding your +0 shortbow? [Y]es or [N]o only, please.
Really attack while wielding your +0 shortbow?
Okay, then.
Purgy is nearby!
You are starting to lose your buoyancy.
Purgy snarls, "My home!
Leave!"
Purgy bites you but does no damage. Purgy claws you.
* * * LOW HITPOINT WARNING * * *
Purgy barely misses you. Purgy bites you.
You die...

#.≈≈≈.#
#.≈≈≈.#
+.≈≈≈.+
#(≈≈≈.#
#(≈≈≈.#
+.≈≈≈.+
#(≈≈≈.#
####.(≈≈.####
#∩....@T.'.(#
####.(≈(.####
#(≈≈≈.#
+(≈≈≈.+ ∆
#.≈≈≈.#
#.≈≈≈.#
+.≈≈≈.+
#((≈≈.#
#.≈≈≈.#


You could see Purgy.

Vanquished Creatures
  Natasha (D:3)
  2 river rats (D:3)
  3 adders
  2 worms (D:2)
  3 dart slugs
  4 ball pythons
  2 endoplasms (D:2)
  3 giant cockroaches
  4 hobgoblins
  3 jackals (D:1)
  3 quokkas
  5 bats
  2 frilled lizards
  7 goblins
  12 kobolds
  6 rats
62 creatures vanquished.

Notes
Turn   | Place    | Note
-------+----------+-------------------------------------------
     0 | D:1      | Grim the Gnoll Arcane Marksman began the quest for the Orb.
     0 | D:1      | Reached XP level 1. HP: 17/17 MP: 4/4
    80 | D:1      | Found a faded altar of an unknown god.
   243 | D:1      | Reached XP level 2. HP: 23/23 MP: 5/5
   596 | D:1      | Reached XP level 3. HP: 28/28 MP: 7/7
   962 | D:2      | Learned a level 2 spell: Slow
   974 | D:2      | Reached skill level 1 in Invocations
  1245 | D:2      | Reached skill level 1 in Short Blades
  1245 | D:2      | Reached skill level 1 in Long Blades
  1245 | D:2      | Reached skill level 1 in Axes
  1245 | D:2      | Reached skill level 1 in Maces & Flails
  1245 | D:2      | Reached skill level 1 in Polearms
  1245 | D:2      | Reached skill level 1 in Staves
  1245 | D:2      | Reached skill level 1 in Slings
  1245 | D:2      | Reached skill level 1 in Crossbows
  1245 | D:2      | Reached skill level 1 in Throwing
  1245 | D:2      | Reached skill level 1 in Armour
  1245 | D:2      | Reached skill level 1 in Stealth
  1245 | D:2      | Reached skill level 1 in Shields
  1245 | D:2      | Reached skill level 1 in Unarmed Combat
  1245 | D:2      | Reached skill level 1 in Evocations
  1303 | D:2      | Reached XP level 4. HP: 34/34 MP: 8/8
  2134 | D:3      | Noticed Natasha
  2141 | D:3      | Killed Natasha
  2142 | D:3      | Reached skill level 1 in Conjurations
  2142 | D:3      | Reached skill level 1 in Summonings
  2142 | D:3      | Reached skill level 1 in Necromancy
  2142 | D:3      | Reached skill level 1 in Translocations
  2142 | D:3      | Reached skill level 1 in Transmutations
  2142 | D:3      | Reached skill level 1 in Fire Magic
  2142 | D:3      | Reached skill level 1 in Ice Magic
  2142 | D:3      | Reached skill level 1 in Air Magic
  2142 | D:3      | Reached skill level 1 in Earth Magic
  2142 | D:3      | Reached skill level 1 in Poison Magic
  2187 | D:3      | Reached XP level 5. HP: 28/40 MP: 9/9
  2696 | D:3      | Found a glowing drain.
  2813 | Sewer    | Entered a sewer
  2816 | Sewer    | Noticed Purgy
  2897 | Sewer    | Slain by Purgy

Illustrated notes

Levels and vault maps discovered:
D:1:      erik_arrival_blinker_ship, layout_basic, basic_ecumenical_altar
D:2:      layout_basic, st_stairs_3, minmay_misc_feat_hallway,
          grunt_ministairs_11, minmay_box_of_dots
D:3:      layout_rooms, grunt_gozag_statues, mainiacjoe_overflow_brackets,
          serial_shops, shop, gup_sewer_entry_spiral, uniq_natasha
Sewer:    kennysheep_door_sewer

Skill      XL: |  1  2  3  4 |
---------------+-------------+-----
Invocations    | 1 |  1.5
Short Blades   | 1 |  1.4
Long Blades    | 1 |  1.4
Axes           | 1 |  1.4
Maces & Flails | 1 |  1.4
Polearms       | 1 |  1.4
Staves         | 1 |  1.4
Slings         | 1 |  1.4
Crossbows      | 1 |  1.4
Throwing       | 1 |  1.4
Armour         | 1 |  1.4
Stealth        | 1 |  1.4
Shields        | 1 |  1.4
Unarmed Combat | 1 |  1.4
Evocations     | 1 |  1.4
Spellcasting   | 3 |  3.1
Conjurations   | 1 |  1.1
Summonings     | 1 |  1.1
Necromancy     | 1 |  1.1
Translocations | 1 |  1.1
Transmutations | 1 |  1.1
Fire Magic     | 1 |  1.1
Ice Magic      | 1 |  1.1
Air Magic      | 1 |  1.1
Earth Magic    | 1 |  1.1
Poison Magic   | 1 |  1.1
Fighting       | |  2.9
Bows           | |  4.7
Dodging        | |  4.7
Hexes          | |  5.5

Action                   |  1- 3 |  4- 6 || total
-------------------------+-------+-------++-------
 Fire: Shortbow          |    89 |   138 ||   227
 Cast: Slow              |       |     7 ||     7
  Use: Potion            |       |     1 ||     1
Armor: Robe              |     4 |    17 ||    21
Dodge: Dodged            |    16 |    61 ||    77

Table legend: (Time is in decaauts)
 A = Elapsed time spent in this place.
 B = Non-inter-level travel time spent in this place.
 C = Inter-level travel time spent in this place.
 D = Time resting spent in this place.
 E = Time spent auto-exploring this place.
 F = Levels seen in this place.
 G = Mean time per level.
                   A        B        C        D        E       F      G
               +--------+--------+--------+--------+--------+-----+--------+
         Total |   2972 |   2949 |     23 |    502 |   1830 |   4 |  743.0 |
       Dungeon |   2885 |   2862 |     23 |    502 |   1828 |   3 |  961.7 |
         Sewer |     86 |     86 |      0 |      0 |      2 |   1 |   86.0 |
               +--------+--------+--------+--------+--------+-----+--------+

Top non-repeatable levels by time:
     D:2: 1330 daAuts
     D:1: 778 daAuts
     D:3: 776 daAuts
   Sewer: 86 daAuts
